 Dungeon Crawl Stone Soup version 0.30-a0-218-gedb9141078 (webtiles) character file.

Game seed: 2913894269086989862

98 billz999 the Poker (level 4, -2/30 HPs)
             Began as a Gnoll Reaver on Oct 6, 2022.
             Was an Initiate of Okawaru.
             Slain by a mummy (4 damage)
             ... in an ossuary.
             The game lasted 00:06:31 (2178 turns).

billz999 the Poker (Gnoll Reaver)                   Turns: 2178, Time: 00:06:32

Health: -2/30      AC:  6    Str: 11    XL:     4   Next: 69%
Magic:  9/11       EV: 11    Int: 14    God:    Okawaru [......]
Gold:   84         SH:  0    Dex: 11    Spells: 10/13 levels left

rFire   . . .      SeeInvis .    a - +0 spear (vorpal)
rCold   . . .      Faith    .    (no shield)
rNeg    . . .      Spirit   .    e - +0 ring mail
rPois   .          Reflect  .    (no helmet)
rElec   .          Harm     .    (no cloak)
rCorr   .          Rampage  .    p - +0 pair of gloves
Will    .....      Rnd*Tele +    (no boots)
Stlth   +.........               (no amulet)
HPRegen 0.25/turn                (no ring)
MPRegen 0.12/turn                (no ring)

@: immotile
A: fangs 1, strong nose, distributed training, frail 2, mutation resistance 1,
teleportitis 1
a: Renounce Religion


You were in an ossuary.
You worshipped Okawaru.
Okawaru was noncommittal.
You visited 1 branch of the dungeon, and saw 4 of its levels.
You also visited: Ossuary.

You collected 84 gold pieces.

Inventory:

Hand Weapons
 a - a +0 vorpal spear (weapon)
Armour
 b - a +0 leather armour
 e - a +0 ring mail (worn)
 p - a +0 pair of gloves (worn)
Magical Staves
 n - a staff of death
Jewellery
 q - a ring of see invisible
Scrolls
 c - a scroll of vulnerability
 m - a scroll of fear
 o - 2 scrolls of poison
Potions
 i - 3 potions of lignification


   Skills:
 + Level 4.7 Fighting
 + Level 1.2 Short Blades
 + Level 1.2 Long Blades
 + Level 1.2 Axes
 + Level 1.2 Maces & Flails
 + Level 6.6 Polearms
 + Level 1.2 Staves
 + Level 1.2 Ranged Weapons
 + Level 1.2 Throwing
 + Level 1.2 Armour
 + Level 4.7 Dodging
 + Level 1.2 Stealth
 + Level 1.2 Shields
 + Level 1.2 Unarmed Combat
 + Level 5.1 Spellcasting
 + Level 5.5 Conjurations
 + Level 1.0 Hexes
 + Level 1.0 Summonings
 + Level 1.0 Necromancy
 + Level 1.0 Translocations
 + Level 1.0 Transmutations
 + Level 1.0 Fire Magic
 + Level 1.0 Ice Magic
 + Level 1.0 Air Magic
 + Level 1.0 Earth Magic
 + Level 1.0 Poison Magic
 + Level 1.4 Invocations
 + Level 1.2 Evocations


You had 10 spell levels left.
You knew the following spells:

 Your Spells              Type           Power      Damage    Failure   Level
a - Kiss of Death         Conj/Necr      48%        2d9       11%         1
b - Momentum Strike       Conj/Tloc      24%        3d8       16%         2

Your spell library contained the following spells:

 Spells                   Type           Power      Damage    Failure   Level
 Hailstorm                Conj/Ice       12%        3d5       32%         3
 Ignite Poison            Fire/Tmut/Pois 6%         N/A       61%         3
 Sticky Flame             Conj/Fire      12%        2d4       71%         4
 Ignition                 Fire           3%         3d4       100%        8


Dungeon Overview and Level Annotations

Branches:
Dungeon (4/15)            Ossuary (1/1)
 Temple: D:4-7

Altars:
Okawaru
The Shining One


Innate Abilities, Weirdness & Mutations

You have very sharp teeth.
Your uncanny sense of smell can sniff out nearby items.
Your experience applies equally to all skills.
You are very frail. (-20% HP)
You are somewhat resistant to further mutation.
You are occasionally teleported next to monsters.


Message History

You hit the mummy. Your punch misses the mummy.
The mummy is moderately damaged.
Okay, then.
Reach: a) +0 spear (vorpal)
Press: ? - help, Dir - move target, f/p - mummy
Aim: a mummy (moderately damaged, about 23% to evade your +0 vorpal spear)
You hit the mummy but do no damage.
The mummy is moderately damaged.
You feel less wooden.
Your +0 pair of gloves unmelds from your body.
Your +0 ring mail unmelds from your body.
The mummy barely misses you.
You aren't carrying any items that you can evoke.
Unknown command.
Casting: Momentum Strike (safe; 16% risk of failure)
Confirm with . or Enter, or press ? or * to list all spells.
You can't see any susceptible monsters within range! (Use Z to cast anyway.)
Casting: Momentum Strike (safe; 16% risk of failure)
Confirm with . or Enter, or press ? or * to list all spells.
Aiming: Momentum Strike (safe; 16% risk of failure)
Press: ? - help, Dir - move target, f/p - mummy
Aim: a mummy (moderately damaged, 86% to hit)
The concentrated momentum hits the mummy!
You are unable to move.
Casting: Momentum Strike (safe; 16% risk of failure)
Confirm with . or Enter, or press ? or * to list all spells.
You cannot redirect your momentum while unable to move.
Unknown command.
Casting: Momentum Strike (safe; 16% risk of failure)
Confirm with . or Enter, or press ? or * to list all spells.
You can't see any susceptible monsters within range! (Use Z to cast anyway.)
Okay, then.
Okay, then.
Reach: a) +0 spear (vorpal)
Press: ? - help, Dir - move target, f/p - mummy
Aim: a mummy (severely damaged, about 23% to evade your +0 vorpal spear)
You hit the mummy but do no damage. You bite the mummy, but do no damage.
The mummy is severely damaged.
The mummy hits you.
You die...

#......#
#....# ∆
#....#
#....#
∆∆
#....#
∆∆
#....# ∆
∆ #....#
∆∆∆
#..M.# ∆
∆∆
#.@..#
∆∆
#.∩∩.# ∆
######


You could see a mummy.

Vanquished Creatures
  An orc wizard (D:3)
  3 mummies (Ossuary)
  2 orcs (D:3)
  A bat (D:3)
  3 endoplasms (D:1)
  4 giant cockroaches
  A gnoll zombie (Ossuary)
  A goblin (D:1)
  2 hobgoblins (D:1)
  2 quokkas (D:1)
  A ball python (D:1)
  3 frilled lizards
  3 hobgoblin zombies (Ossuary)
  2 kobolds
  4 kobold zombies (Ossuary)
  3 rats
36 creatures vanquished.

Vanquished Creatures (others)
  An adder (D:3)
  A dart slug (D:1)
  An orc (D:3)
  A ball python (D:1)
  A goblin (D:4)
  A kobold (D:1)
  2 bats (D:3)
  A rat (D:2)
9 creatures vanquished.

Grand Total: 45 creatures vanquished

Notes
Turn   | Place    | Note
-------+----------+-------------------------------------------
     0 | D:1      | billz999 the Gnoll Reaver began the quest for the Orb.
     0 | D:1      | Reached XP level 1. HP: 20/20 MP: 6/6
   336 | D:1      | Reached XP level 2. HP: 23/23 MP: 7/7
   417 | D:1      | Learned a level 2 spell: Momentum Strike
   991 | D:2      | You fall into a shaft and drop 1 floor!
  1177 | D:3      | Found an iron altar of Okawaru.
  1186 | D:3      | Became a worshipper of Warmaster Okawaru
  1229 | D:3      | Reached skill level 5 in Spellcasting
  1229 | D:3      | Reached XP level 3. HP: 24/31 MP: 2/9
  1250 | D:3      | Reached skill level 1 in Short Blades
  1250 | D:3      | Reached skill level 1 in Long Blades
  1250 | D:3      | Reached skill level 1 in Axes
  1250 | D:3      | Reached skill level 1 in Maces & Flails
  1250 | D:3      | Reached skill level 1 in Staves
  1250 | D:3      | Reached skill level 1 in Ranged Weapons
  1250 | D:3      | Reached skill level 1 in Throwing
  1250 | D:3      | Reached skill level 1 in Armour
  1250 | D:3      | Reached skill level 1 in Stealth
  1250 | D:3      | Reached skill level 1 in Shields
  1250 | D:3      | Reached skill level 1 in Unarmed Combat
  1250 | D:3      | Reached skill level 1 in Invocations
  1250 | D:3      | Reached skill level 1 in Evocations
  1396 | D:3      | Found a glowing golden altar of the Shining One.
  2036 | D:4      | Noticed a wight
  2037 | D:4      | Noticed a wight
  2074 | D:4      | Found a sand-covered staircase.
  2082 | Ossuary  | Entered an ossuary
  2107 | Ossuary  | Reached XP level 4. HP: 36/38 MP: 11/11
  2153 | Ossuary  | Reached skill level 1 in Hexes
  2153 | Ossuary  | Reached skill level 1 in Summonings
  2153 | Ossuary  | Reached skill level 1 in Necromancy
  2153 | Ossuary  | Reached skill level 1 in Translocations
  2153 | Ossuary  | Reached skill level 1 in Transmutations
  2153 | Ossuary  | Reached skill level 1 in Fire Magic
  2153 | Ossuary  | Reached skill level 1 in Ice Magic
  2153 | Ossuary  | Reached skill level 1 in Air Magic
  2153 | Ossuary  | Reached skill level 1 in Earth Magic
  2153 | Ossuary  | Reached skill level 1 in Poison Magic
  2155 | Ossuary  | Gained mutation: You are frail. (-10% HP) [potion of
                  | mutation]
  2155 | Ossuary  | Gained mutation: You are very frail. (-20% HP) [potion of
                  | mutation]
  2155 | Ossuary  | Gained mutation: You are occasionally teleported next to
                  | monsters. [potion of mutation]
  2155 | Ossuary  | Gained mutation: You are somewhat resistant to further
                  | mutation. [potion of mutation]
  2171 | Ossuary  | HP: 1/45 [mummy (4)]
  2178 | Ossuary  | Slain by a mummy

Illustrated notes

Levels and vault maps discovered:
D:1:      lightli_arrival_farm, layout_basic, hangedman_decor_slide_cut,
          minmay_misc_feat_five
D:2:      minmay_chambers_of_twos, layout_basic,
          shapermc_ecumenical_altar_totnotflames,
          chequers_serial_rivers_micro_c, st_stairs_3
D:3:      layout_loops_ring, old_standard_altar, mainiacjoe_overflow_paths,
          nicolae_underground_beach
D:4:      layout_gridville, minmay_temple_entry_enclosed_plants,
          chequers_ossuary_entry_cave, minmay_circle_x
Ossuary:  ossuary_tomb_3

Skill      XL: |  1  2  3  4 |
---------------+-------------+-----
Spellcasting   | 5 |  5.1
Short Blades   | 1 |  1.2
Long Blades    | 1 |  1.2
Axes           | 1 |  1.2
Maces & Flails | 1 |  1.2
Staves         | 1 |  1.2
Ranged Weapons | 1 |  1.2
Throwing       | 1 |  1.2
Armour         | 1 |  1.2
Stealth        | 1 |  1.2
Shields        | 1 |  1.2
Unarmed Combat | 1 |  1.2
Invocations    | 1 |  1.4
Evocations     | 1 |  1.2
Hexes          | 1 |  1.0
Summonings     | 1 |  1.0
Necromancy     | 1 |  1.0
Translocations | 1 |  1.0
Transmutations | 1 |  1.0
Fire Magic     | 1 |  1.0
Ice Magic      | 1 |  1.0
Air Magic      | 1 |  1.0
Earth Magic    | 1 |  1.0
Poison Magic   | 1 |  1.0
Fighting       | |  4.7
Polearms       | |  6.6
Dodging        | |  4.7
Conjurations   | |  5.5

Action                   |  1- 3 |  4- 6 || total
-------------------------+-------+-------++-------
Melee: Spear             |   112 |    50 ||   162
       Bite              |     7 |     1 ||     8
       Punch             |     1 |     1 ||     2
 Cast: Kiss of Death     |     3 |       ||     3
       Momentum Strike   |    15 |     1 ||    16
  Use: Scroll            |     6 |       ||     6
       Potion            |       |     4 ||     4
Armor: Ring mail         |    22 |     4 ||    26
       Leather armour    |     1 |       ||     1
       Skin              |       |    40 ||    40
Dodge: Dodged            |    57 |     6 ||    63

Table legend: (Time is in decaauts)
 A = Elapsed time spent in this place.
 B = Non-inter-level travel time spent in this place.
 C = Inter-level travel time spent in this place.
 D = Time resting spent in this place.
 E = Time spent auto-exploring this place.
 F = Levels seen in this place.
 G = Mean time per level.
                   A        B        C        D        E       F      G
               +--------+--------+--------+--------+--------+-----+--------+
         Total |   2166 |   1999 |    167 |     63 |   1594 |   5 |  433.2 |
       Dungeon |   2086 |   1919 |    167 |     63 |   1587 |   4 |  521.5 |
       Ossuary |     80 |     80 |      0 |      0 |      7 |   1 |   80.0 |
               +--------+--------+--------+--------+--------+-----+--------+

Top non-repeatable levels by time:
     D:3: 943 daAuts
     D:1: 920 daAuts
     D:4: 137 daAuts
     D:2: 84 daAuts
 Ossuary: 80 daAuts
